 Dungeon Crawl Stone Soup version 0.17.1-2-g5865329 (webtiles) character file.

237 Moresty the Covered (level 5, -4/47 HPs)
             Began as a Minotaur Fighter on Jan 14, 2016.
             Killed by divine providence
             ... invoked by an orc priest
              (15 damage)
             ... on level 4 of the Dungeon.
             The game lasted 00:09:03 (3475 turns).

Moresty the Covered (Minotaur Fighter)              Turns: 3475, Time: 00:09:03

Health: -4/47      AC:  8    Str: 21    XL:     5   Next: 77%
Magic:  4/4        EV:  8    Int:  5    God:
Gold:   145        SH:  9    Dex: 10    Spells: 0 memorised, 4 levels left

rFire  . . .     SeeInvis .     a - +0 long sword
rCold  . . .     Clarity  .     b - +0 scale mail
rNeg   . . .     SustAt   .     c - +0 shield
rPois  .         Gourm    .     (helmet restricted)
rElec  .         Spirit   .     (no cloak)
rCorr  .         Warding  .     (no gloves)
rMut   .         Stasis   .     w - +0 pair of boots
MR     +....                    (no amulet)
Stlth  ..........               (no ring)
                                o - ring of protection from magic

@: somewhat resistant to hostile enchantments, extremely unstealthy
A: retaliatory headbutt, horns 2
a: no special abilities


You were on level 4 of the Dungeon.
You were not hungry.

You visited 1 branch of the dungeon, and saw 4 of its levels.

You collected 145 gold pieces.

Inventory:

Hand Weapons
 a - a +0 long sword (weapon)
 u - a -1 hand axe
Armour
 b - a +0 scale mail (worn)
 c - a +0 shield (worn)
 w - a +0 pair of boots (worn)
Jewellery
 o - a ring of protection from magic (left hand)
Wands
 d - a wand of draining (7)
 r - a wand of enslavement (5)
Scrolls
 g - 2 scrolls of blinking
 i - 2 scrolls of identify
 p - a scroll of enchant weapon
 x - a scroll of remove curse
Potions
 f - a potion of mutation {unknown}
 h - a potion of curing {unknown}
 j - 2 potions of heal wounds
 k - a potion of degeneration {unknown}
 l - 4 potions of haste {unknown}
 m - a potion of agility {unknown}
Books
 t - a book of Changes

   Spells                             Type                      Level
   a - Beastly Appendage              Transmutation                1
   b - Sticks to Snakes               Transmutation                2
   c - Spider Form                    Transmutation/Poison         3
   d - Ice Form                       Ice/Transmutation            4
   e - Blade Hands                    Transmutation                5
Comestibles
 e - 2 bread rations
 n - 2 slices of pizza
 s - 2 meat rations
 z - a beef jerky


   Skills:
 + Level 4.7 Fighting
 + Level 3.7 Long Blades
 + Level 5.0 Armour
 + Level 2.1 Dodging
 + Level 0.3 Stealth
 + Level 4.8 Shields


You had 4 spell levels left.
You didn't know any spells.

Dungeon Overview and Level Annotations

Branches:
Dungeon (4/15)
 Temple: D:4-7

Altars:
Makhleb
Qazlal
Yredelemnul


Innate Abilities, Weirdness & Mutations

You reflexively headbutt those who attack you in melee.
You have a pair of horns on your head.


Message History

You block the orc's attack.
You barely miss the orc priest.
The orc priest is moderately wounded.
The orc hits you but does no damage.
The orc priest calls down the wrath of Beogh upon you.
Something smites you!
* * * LOW HITPOINT WARNING * * *
You block the orc's attack. x2
As you read the scroll labeled LYIBROE KUSME, it crumbles to dust.
You assume a fearsome visage.
The orc priest looks frightened!
The orc looks frightened!
The orc priest looks frightened!
The orc looks frightened!
It was a scroll of fear.
It was a potion of heal wounds.
You feel much better.
The orc priest seems to regain its courage.
The orc priest invokes the aid of Beogh against you.
Something smites you!
* * * LOW HITPOINT WARNING * * *
The orc priest invokes the aid of Beogh against you.
Something smites you!
You die...

....... .......
.......#############
.......#....##...#..... ....
#.o...#....#....#.... ....
#.....#...@'....#... ...)
#.....#....##...##.####....
#o...oo....##...##.#>.....#
.......#............#......#
.......#............'......#
.......#............#.<....#
.......#....##....###......#
###################.........
#.........


You could see an orc priest and an orc.

Vanquished Creatures
  An orc priest (D:3)
  An orc wizard (D:3)
  Terence (D:3)
  6 adders
  An ooze (D:2)
  4 orcs (D:3)
  9 bats
  11 goblins
  10 hobgoblins
  2 jackals (D:1)
  9 kobolds
  2 quokkas (D:3)
  5 giant cockroaches
  7 giant geckos
  7 giant newts
  11 rats
87 creatures vanquished.

Notes
Turn   | Place    | Note
--------------------------------------------------------------
     0 | D:1      | Moresty the Minotaur Fighter began the quest for the Orb.
     0 | D:1      | Reached XP level 1. HP: 19/19 MP: 0/0
   186 | D:1      | Reached XP level 2. HP: 25/27 MP: 1/1
   237 | D:1      | Reached skill level 4 in Armour
   951 | D:2      | Found a basalt altar of Yredelemnul.
   987 | D:2      | Reached XP level 3. HP: 26/33 MP: 2/2
  1538 | D:2      | Reached skill level 1 in Dodging
  1538 | D:2      | Reached XP level 4. HP: 36/40 MP: 3/3
  2082 | D:3      | Noticed Terence
  2102 | D:3      | Killed Terence
  2111 | D:3      | Found a stormy altar of Qazlal.
  2218 | D:3      | Reached XP level 5. HP: 19/46 MP: 4/4
  2582 | D:3      | Found a faded altar to an unknown god.
  2638 | D:3      | Found a burning altar of Makhleb.
  2771 | D:3      | Reached skill level 5 in Armour
  3475 | D:4      | Killed from afar by an orc priest

Action                   |  1- 3 |  4- 6 || total
-------------------------+-------+-------++-------
Melee: Long sword        |    89 |   116 ||   205
  Use: Scroll            |       |     4 ||     4
       Potion            |       |     2 ||     2
  Eat: Chunk             |     2 |     6 ||     8
